 Dungeon Crawl Stone Soup version 0.30-a0-1164-ge08a67761e (webtiles) character file.

Game seed: 11687974994546477831

83625 Jase the Covert (level 15, -10/136 HPs)
             Began as an Armataur Fighter on Apr 30, 2023.
             Was a Believer of Uskayaw.
             Shot with an arrow by a naga sharpshooter (12 damage)
             ... on level 1 of the Snake Pit.
             The game lasted 01:30:01 (21203 turns).

Jase the Covert (Armataur Fighter)                 Turns: 21203, Time: 01:30:02

Health: -10/136    AC: 23    Str: 24    XL:     15   Next: 32%
Magic:  23/23      EV:  5    Int: 11    God:    Uskayaw [**....]
Gold:   1071       SH:  0    Dex:  8    Spells: 12/14 levels left

rFire   + + .        c - +4 long sword (freeze)
rCold   . . .        (no shield)
rNeg    . . .        L - +5 ring mail "Keinloq" {rF++ Will+}
rPois   +            S - +2 hat
rElec   +            (no cloak)
rCorr   +            l - +0 pair of gloves
SInv    .            o - +1 barding
Will    +++++        f - amulet "Jiyxky" {RegenMP Will+++ rCorr Dex-4 Stlth+}
Stlth   +++++        U - ring of Sefy {rElec rCorr}
HPRegen 0.42/turn    T - ring of poison resistance
MPRegen 0.58/turn

%: roll
@: constricted
A: large, rugged brown scales 3, deformed body, armoured tail, roll, long
tongue, awkward tongue
a: Renounce Religion, Stomp, Line Pass


You were on level 1 of the Snake Pit.
You worshipped Uskayaw.
Uskayaw was aware of your devotion.
You visited 4 branches of the dungeon, and saw 18 of its levels.
You also visited: Gauntlet and Volcano.

You collected 1856 gold pieces.
You spent 785 gold pieces at shops.

Inventory:

Hand Weapons
 a - the +8 Vampire's Tooth {megavamp}
   (You found it on level 4 of the Dungeon)
 b - a +4 dagger
 c - a +4 long sword of freezing (weapon)
 d - a +1 hand axe of flaming
Missiles
 p - 40 poisoned darts (quivered)
 y - a throwing net
Armour
 l - a +0 pair of gloves (worn)
 o - a +1 barding (worn)
 L - the +5 ring mail "Keinloq" (worn) {rF++ Will+}
   (You found it on level 8 of the Dungeon)

   rF:        It greatly protects you from fire.
   Will:      It increases your willpower.
 S - a +2 hat (worn)
Jewellery
 f - the amulet "Jiyxky" (around neck) {RegenMP Will+++ rCorr Dex-4 Stlth+}
   (You acquired it on level 9 of the Dungeon)

   [amulet of magic regeneration]

   It increases your rate of magic regeneration.
   Dex:       It affects your dexterity (-4).
   rCorr:     It protects you from acid and corrosion.
   Will:      It greatly increases your willpower.
   Stlth:     It makes you more stealthy.
 z - a ring of ice
 C - a ring of see invisible
 K - the ring "Boukiq" {Will+ Dex+3}
   (You acquired it on level 5 of the Lair of Beasts)

   [ring of willpower]

   Dex:       It affects your dexterity (+3).
   Will:      It increases your willpower.
 T - a ring of poison resistance (right hand)
 U - the ring of Sefy (left hand) {rElec rCorr}
   (You took it off a minotaur in a Gauntlet)

   [ring of resist corrosion]

   rElec:     It insulates you from electricity.
   rCorr:     It protects you from acid and corrosion.
Wands
 w - a wand of polymorph (3)
 F - a wand of acid (17)
 I - a wand of iceblast (17)
 M - a wand of charming (18)
 N - a wand of flame (10)
Scrolls
 g - 4 scrolls of enchant armour
 j - 7 scrolls of teleportation
 k - 4 scrolls of fog
 m - 2 scrolls of vulnerability
 r - a scroll of silence
 t - 2 scrolls of blinking
 u - 6 scrolls of magic mapping
 v - 2 scrolls of enchant weapon
 G - a scroll of fear
 Q - 3 scrolls of identify
 R - 2 scrolls of amnesia
Potions
 e - 3 potions of resistance
 h - 4 potions of attraction
 i - 3 potions of magic
 n - 4 potions of cancellation
 q - 13 potions of curing
 s - 2 potions of invisibility
 x - 2 potions of flight
 B - 2 potions of mutation
 D - 4 potions of brilliance
 E - 4 potions of ambrosia
 H - 2 potions of heal wounds
 J - 2 potions of lignification
 P - a potion of haste
 V - 4 potions of might
Miscellaneous
 O - a lightning rod (4/4)


   Skills:
 + Level 10.9 Fighting
 + Level 9.1(10.1) Short Blades
 - Level 6.9(9.0) Long Blades
 - Level 4.5 Maces & Flails
 - Level 11.0 Armour
 - Level 6.0 Dodging
 + Level 12.8 Stealth
 - Level 3.2 Shields
 + Level 8.0 Hexes
 - Level 6.0 Ice Magic
 + Level 10.8 Invocations


You had 12 spell levels left.
You knew the following spells:

 Your Spells              Type           Power      Damage    Failure   Level
a - Ensorcelled Hibernat  Hex/Ice        30%        N/A       4%          2

Your spell library contained the following spells:

 Spells                   Type           Power      Damage    Failure   Level
 Tukima's Dance           Hex            17%        N/A       5%          3
 Portal Projectile        Hex/Tloc       16%        N/A       28%         3
 Hailstorm                Conj/Ice       6%         3d4       41%         3
 Necrotise                Necr           0%         1d4       45%         1
 Lesser Beckoning         Tloc           0%         N/A       58%         2
 Passwall                 Tmut/Erth      0%         N/A       58%         2
 Ice Form                 Ice/Tmut       6%         N/A       82%         4
 Gell's Gravitas          Tloc           0%         N/A       83%         3
 Swiftness                Air            0%         N/A       83%         3
 Teleport Other           Tloc           0%         N/A       83%         3
 Vampiric Draining        Necr           0%         2d6       83%         3
 Vhi's Electric Charge    Tloc/Air       0%         N/A       83%         3
 Silence                  Hex/Air        4%         N/A       95%         5
 Yara's Violent Unravell  Hex/Tmut       4%         3d4       95%         5
 Animate Dead             Necr           0%         N/A       99%         4
 Passage of Golubria      Tloc           0%         N/A       99%         4
 Summon Lightning Spire   Summ/Air       0%         N/A       99%         4
 Agony                    Necr           0%         N/A       100%        5
 Arcjolt                  Conj/Air       0%         1d10      100%        5
 Blade Hands              Tmut           0%         N/A       100%        5
 Borgnjor's Vile Clutch   Necr/Erth      0%         N/A       100%        5
 Conjure Ball Lightning   Conj/Air       0%         3x3d6     100%        6
 Death Channel            Necr           0%         N/A       100%        6
 Simulacrum               Ice/Necr       3%         N/A       100%        6
 Storm Form               Tmut/Air       0%         N/A       100%        7
 Discord                  Hex            8%         N/A       100%        8
 Disjunction              Tloc           0%         N/A       100%        8
 Lehudib's Crystal Spear  Conj/Erth      0%         10d2      100%        8
 Maxwell's Capacitive Co  Air            0%         ∞         100%        8


Dungeon Overview and Level Annotations

Branches:
Dungeon (10/15)            Temple (0/1) D:5            Lair (5/5) D:9
 Shoals (0/4) Lair:2        Snake (1/4) Lair:3        Slime (0/5) Lair:4
    Orc (2/2) D:10            Elf (0/3) Orc:2       Volcano (visited)
Gauntlet (visited)

Altars:
Cheibriados
Dithmenos
Elyvilon
Gozag
Hepliaklqana
Kikubaaqudgha
Nemelex Xobeh
Okawaru
Sif Muna
Trog
Uskayaw
Vehumet
Xom
The Shining One
Jiyva

Shops:
D:2 [   D:4 **   D:6 ?   Orc:2 !!:(

Annotations:
D:3 1 runed translucent door, Crazy Yiuf
D:8 3 exclusions
Snake:1 1 transporter


Innate Abilities, Weirdness & Mutations

You are completely covered in rugged brown scales. (AC +3, +7% HP)
Armour fits poorly on your strangely shaped body.
You have a long armoured tail.
You roll when moving toward enemies. (Rampage)
Your long tongue fully drains potion bottles. (2x potion effects)
Your tongue gives you trouble enunciating. (1.5x scroll delay)


Message History

The naga warrior roars a battlecry!
The naga sharpshooter goes into a battle-frenzy!
The naga warrior constricts you.
The naga warrior hits you with a +0 dire flail!
Unknown command.
You hit the naga warrior but do no damage.
You tail-slap the naga warrior.
The naga warrior is lightly wounded.
The naga warrior hits you with a +0 hand axe!
* * * LOW HITPOINT WARNING * * *
The naga warrior constricts you.
* * * LOW HITPOINT WARNING * * *
The naga warrior hits you with a +0 dire flail.
* * * LOW HITPOINT WARNING * * *
The naga sharpshooter spits poison at you.
The splash of poison hits you but does no damage.
You resist.
Unknown command.
You feel much better.
You slurp down every last drop of the potion of heal wounds!
The naga warrior hits you but does no damage.
The naga warrior constricts you.
The naga warrior hits you with a +0 dire flail!
The naga sharpshooter unwields a +0 dire flail.
The naga sharpshooter wields a +0 shortbow.
The naga sharpshooter shoots an arrow.
The arrow hits you.
Unknown command.
Unknown command.
You hit the naga warrior. You freeze the naga warrior.
The naga warrior is moderately wounded.
The naga warrior hits you with a +0 hand axe!!
* * * LOW HITPOINT WARNING * * *
The naga warrior constricts you.
* * * LOW HITPOINT WARNING * * *
The naga warrior hits you with a +0 dire flail!!
* * * LOW HITPOINT WARNING * * *
The naga sharpshooter casts a spell.
The naga sharpshooter magically shoots an arrow.
The arrow hits you!
You die...

## ### ##
#.#### #.# .#
#.#.# #.## .#
##..## #..# .#
#.#..####..##
##
##.###..##...##
# #..#
##...N...### #
##.##
###.N@....# ##
##..#
#...###N##
.###..## #...##
..##..# #..##
.....## #..#
#....# ...#
##...# ...#
##...# ...
.......


You could see 2 naga warriors and a naga sharpshooter (strong).

Vanquished Creatures
  Rupert (Orc:2)
  A minotaur (Gauntlet)
  An ettin (Orc:1)
  A fire dragon (Volcano)
  Josephine (Lair:5)
  2 ogre magi (Orc:2)
  Erolcha (Orc:2)
  6 hydras
  A boulder beetle (Lair:2)
  4 catoblepae
  2 naga warriors (Snake:1)
  4 anacondas (Snake:1)
  17 death yaks
  A shock serpent (Snake:1)
  6 naga sharpshooters (Snake:1)
  A skyshark (Lair:5)
  A sea snake (Snake:1)
  A naga ritualist (Snake:1)
  2 glowing orange brains (Gauntlet)
  5 lindwurms
  A mana viper (Snake:1)
  9 orc sorcerers (Orc:2)
  2 ugly things (Gauntlet)
  3 oklob plants (Lair:4)
  4 salamanders (Snake:1)
  2 manticores (Lair:5)
  A merfolk siren (Lair:2)
  12 elephants
  An ice statue (Gauntlet)
  2 smoke demons (Volcano)
  5 black mambas
  2 guardian serpents (Snake:1)
  13 cane toads
  2 torpor snails
  4 naga magi (Snake:1)
  2 unseen horrors (D:10)
  5 rime drakes
  9 komodo dragons
  2 trolls (D:10)
  2 hornets (Lair:2)
  Prince Ribbit (D:8)
  4 polar bears
  Sigmund (D:3)
  7 dream sheep (Lair:5)
  5 wyverns
  5 wraiths
  2 shadows (D:10)
  47 yaks
  4 steam dragons
  4 basilisks
  Grum (D:8)
  A two-headed ogre zombie (D:10)
  14 nagas
  12 water moccasins
  2 hell hounds (Volcano)
  7 orc warriors
  3 ice beasts
  A sky beast (D:8)
  6 black bears
  5 ogres
  3 centaurs
  12 wolves
  3 phantoms
  A kobold brigand (D:7)
  8 bullfrogs
  2 scorpions
  23 wights
  17 killer bees
  3 troll zombies (D:10)
  4 electric eels
  7 hounds
  2 gnoll boudas (D:6)
  7 orc priests
  2 sleepcaps
  Jessica (D:2)
  3 iguanas
  Ijyb (D:3)
  5 hell rats (Lair:4)
  31 orc wizards
  4 ogre zombies (D:10)
  8 gnolls
  6 adders
  2 white imps
  A worm (D:2)
  3 dart slugs
  55 orcs
  5 ball pythons
  6 bats
  6 endoplasms
  3 giant cockroaches
  13 goblins
  13 hobgoblins
  16 kobolds
  4 quokkas
  4 frilled lizards
  A goblin skeleton (D:10)
  2 goblin zombies (D:10)
  3 hobgoblin skeletons (D:10)
  4 hobgoblin zombies (D:10)
  4 orc skeletons (D:10)
  11 orc zombies (D:10)
  8 rats
591 creatures vanquished.

Vanquished Creatures (others)
  A human (D:8)
  An orc wizard (Orc:2)
  A demonic plant (Gauntlet)
  26 fungi
  35 plants
64 creatures vanquished.

Grand Total: 655 creatures vanquished

Notes
Turn   | Place    | Note
-------+----------+-------------------------------------------
     0 | D:1      | Jase the Armataur Fighter began the quest for the Orb.
     0 | D:1      | Reached XP level 1. HP: 19/19 MP: 1/1
   201 | D:1      | Reached XP level 2. HP: 26/26 MP: 2/2
  1229 | D:1      | Reached XP level 3. HP: 26/33 MP: 3/3
  1540 | D:2      | Noticed Jessica
  1553 | D:2      | Killed Jessica
  1554 | D:2      | Reached XP level 4. HP: 35/40 MP: 4/4
  1924 | D:2      | Found Qielyazo's Armour Emporium.
  2246 | D:3      | Noticed Sigmund
  2263 | D:3      | Killed Sigmund
  2264 | D:3      | Reached skill level 5 in Armour
  2264 | D:3      | Reached XP level 5. HP: 17/49 MP: 5/5
  2264 | D:3      | Reached XP level 6. HP: 19/55 MP: 6/6
  2273 | D:3      | HP: 1/55 [poisoned by Sigmund]
  2735 | D:3      | Found a runed translucent door.
  2736 | D:3      | Noticed Crazy Yiuf
  3088 | D:3      | Noticed Ijyb
  3249 | D:3      | Killed Ijyb
  3335 | D:3      | Found a faded altar of an unknown god.
  3343 | D:3      | Prayed at the altar of an unknown god.
  3343 | D:3      | Became a worshipper of Uskayaw the Reveller
  3343 | D:3      | Reached * piety under Uskayaw
  3663 | D:4      | Found the +8 Vampire's Tooth {megavamp}
  3668 | D:4      | Reached ** piety under Uskayaw
  3701 | D:4      | Found a sparkling altar of Nemelex Xobeh.
  3925 | D:4      | Found Nuri's Specific Store.
  3927 | D:4      | Found Cesmesk's General Store.
  3934 | D:4      | Bought a potion of curing for 36 gold pieces
  3934 | D:4      | Bought a scroll of identify for 24 gold pieces
  3934 | D:4      | Bought a scroll of magic mapping for 90 gold pieces
  4145 | D:5      | Entered Level 5 of the Dungeon
  4223 | D:5      | Reached skill level 1 in Short Blades
  4294 | D:5      | Reached skill level 1 in Stealth
  4332 | D:5      | Found a shadowy altar of Dithmenos.
  4368 | D:5      | Found an opulent altar of Gozag.
  4395 | D:5      | Reached skill level 1 in Invocations
  4395 | D:5      | Reached XP level 7. HP: 61/63 MP: 7/7
  4406 | D:5      | Found a staircase to the Ecumenical Temple.
  5078 | D:5      | Reached *** piety under Uskayaw
  5081 | D:5      | Reached **** piety under Uskayaw
  5082 | D:5      | Reached ***** piety under Uskayaw
  5083 | D:5      | Reached skill level 2 in Stealth
  5207 | D:5      | Found a bloodstained altar of Trog.
  5340 | D:5      | Reached XP level 8. HP: 70/71 MP: 9/9
  5570 | D:6      | Reached skill level 3 in Stealth
  5704 | D:6      | Found a hide-covered altar of Uskayaw.
  5773 | D:6      | Reached skill level 5 in Fighting
  6002 | D:6      | Reached skill level 4 in Stealth
  6016 | D:6      | Reached ****** piety under Uskayaw
  6029 | D:6      | Learned a level 2 spell: Ensorcelled Hibernation
  6169 | D:6      | Reached XP level 9. HP: 69/79 MP: 11/11
  6176 | D:6      | Reached skill level 5 in Short Blades
  6220 | D:6      | Found Mochoiwu's Magic Scroll Shoppe.
  6577 | D:6      | Bought a scroll of identify for 28 gold pieces
  6578 | D:6      | Bought a scroll of poison for 56 gold pieces
  6778 | D:7      | Reached skill level 5 in Stealth
  7767 | D:8      | Found a shimmering altar of Xom.
  7773 | D:8      | Noticed a polar bear
  7797 | D:8      | Killed a polar bear
  7819 | D:8      | Reached skill level 5 in Invocations
  7867 | D:8      | Reached skill level 6 in Stealth
  7882 | D:8      | Identified the +7 short sword "Zakloz" {speed, rElec rF+
                  | rN++}
  7883 | D:8      | Found an iron altar of Okawaru.
  7945 | D:8      | Reached XP level 10. HP: 28/88 MP: 13/13
  8051 | D:8      | Identified the +5 ring mail "Keinloq" {rF++ Will+}
  8083 | D:8      | Noticed Prince Ribbit
  8127 | D:8      | Killed Prince Ribbit
  8208 | D:8      | Found an ancient bone altar of Kikubaaqudgha.
  8213 | D:8      | Found a flagged portal.
  8306 | D:8      | Noticed Grum
  8309 | D:8      | Killed Grum
  8394 | D:8      | Reached skill level 7 in Stealth
  8811 | D:9      | Found a white marble altar of Elyvilon.
  8957 | D:9      | Found a snail-covered altar of Cheibriados.
  8987 | D:9      | Reached skill level 1 in Long Blades
  9133 | D:9      | Found a staircase to the Lair.
  9185 | D:9      | Found a hazy altar of Hepliaklqana.
  9231 | D:9      | Identified a scroll of acquirement
  9235 | D:9      | Acquired the amulet "Jiyxky" {RegenMP Will+++ rCorr Dex-4
                  | Stlth+}
  9499 | D:9      | Found a glowing golden altar of the Shining One.
  9665 | D:10     | Entered Level 10 of the Dungeon
  9731 | D:10     | Reached XP level 11. HP: 93/95 MP: 15/15
  9746 | D:10     | Found a shimmering blue altar of Sif Muna.
  9786 | D:10     | Reached skill level 1 in Hexes
  9860 | D:10     | Found a staircase to the Orcish Mines.
  9987 | D:10     | Reached skill level 1 in Ice Magic
 10030 | D:10     | Reached skill level 1 in Dodging
 10415 | D:10     | Reached skill level 8 in Stealth
 10540 | D:10     | Noticed a skeletal warrior
 10540 | D:10     | Noticed a skeletal warrior
 10540 | D:10     | Noticed a skeletal warrior
 10648 | Lair:1   | Entered Level 1 of the Lair of Beasts
 10699 | Lair:1   | Found a dark tunnel.
 10706 | Volcano  | Entered a volcano
 10729 | Volcano  | Noticed a lindwurm
 10740 | Volcano  | Noticed a lindwurm
 10753 | Volcano  | Killed a lindwurm
 10766 | Volcano  | Killed a lindwurm
 10767 | Volcano  | Reached skill level 10 in Armour
 10909 | Volcano  | Noticed a lindwurm
 10910 | Volcano  | Noticed a lindwurm
 10926 | Volcano  | Killed a lindwurm
 10943 | Volcano  | Killed a lindwurm
 10991 | Volcano  | Noticed a fire dragon
 11018 | Volcano  | Killed a fire dragon
 11826 | Lair:2   | Reached XP level 12. HP: 108/108 MP: 17/17
 12104 | Lair:2   | Noticed a four-headed hydra
 12110 | Lair:2   | Killed a four-headed hydra
 12111 | Lair:2   | Reached skill level 9 in Stealth
 12294 | Lair:2   | Noticed a boulder beetle
 12296 | Lair:2   | Killed a boulder beetle
 12597 | Lair:2   | Paralysed by a hornet for 3 turns
 12614 | Lair:2   | Paralysed by a hornet for 1 turns
 12834 | Lair:2   | Noticed a seven-headed hydra
 12839 | Lair:2   | Killed a seven-headed hydra
 13183 | Lair:2   | Found a staircase to the Shoals.
 13202 | Lair:2   | Noticed a five-headed hydra
 13221 | Lair:2   | Killed a five-headed hydra
 13614 | Lair:3   | Found a staircase to the Snake Pit.
 13702 | Lair:3   | Noticed a six-headed hydra
 13712 | Lair:3   | Killed a six-headed hydra
 13713 | Lair:3   | Reached XP level 13. HP: 105/115 MP: 19/19
 14510 | Lair:4   | Reached skill level 5 in Long Blades
 14510 | Lair:4   | Reached skill level 10 in Stealth
 14510 | Lair:4   | Reached skill level 5 in Ice Magic
 14603 | Lair:4   | Reached skill level 5 in Hexes
 14610 | Lair:4   | Identified the +1 trident of Annihilation {distort, *Rage
                  | Dex+8}
 15414 | Lair:4   | Found a viscous altar of Jiyva.
 15416 | Lair:4   | Found a staircase to the Slime Pits.
 15870 | Orc:1    | Entered Level 1 of the Orcish Mines
 15979 | Orc:1    | You fall into a shaft and drop 1 floor!
 15979 | Orc:2    | Entered Level 2 of the Orcish Mines
 15979 | Orc:2    | Noticed Rupert
 16002 | Orc:2    | Killed Rupert
 16162 | Orc:1    | Noticed an ettin
 16201 | Orc:1    | Killed an ettin
 16553 | Orc:2    | Found a staircase to the Elven Halls.
 16807 | Orc:2    | Found Keaxurr's Antique Weapon Shop.
 16824 | Orc:2    | Found a radiant altar of Vehumet.
 16850 | Orc:2    | Found Zixt's Book Shop.
 16919 | Orc:2    | Found Ximoup's Distillery.
 16950 | Orc:2    | Found Xyacih's Distillery.
 16958 | Orc:2    | Bought 2 potions of might for 120 gold pieces
 16972 | Orc:2    | Bought a potion of heal wounds for 70 gold pieces
 16972 | Orc:2    | Bought a potion of heal wounds for 70 gold pieces
 16972 | Orc:2    | Bought a potion of heal wounds for 70 gold pieces
 16981 | Orc:2    | Found an ancient bone altar of Kikubaaqudgha.
 17013 | Orc:2    | Bought a warped long sword for 221 gold pieces
 17013 | Orc:2    | Identified the +2 long sword "Death Rattle" {freeze, rPois
                  | Dex-2 Stlth+} (You bought it in a shop on level 2 of the
                  | Orcish Mines)
 17044 | Orc:2    | Reached XP level 14. HP: 126/126 MP: 20/20
 17045 | Orc:2    | Reached skill level 5 in Dodging
 17045 | Orc:2    | Reached skill level 11 in Stealth
 17455 | Lair:5   | Entered Level 5 of the Lair of Beasts
 17471 | Lair:5   | Found a gate leading to a gauntlet.
 17536 | Gauntlet | Entered a Gauntlet
 17536 | Gauntlet | Found a transporter.
 17536 | Gauntlet | Found a transporter.
 17544 | Gauntlet | Found a transporter.
 17548 | Gauntlet | Found a transporter.
 17560 | Gauntlet | Found a transporter.
 17560 | Gauntlet | Found a transporter.
 17568 | Gauntlet | Found a transporter.
 17585 | Gauntlet | Found a transporter.
 17599 | Gauntlet | Found a transporter.
 17603 | Gauntlet | Found a transporter.
 17614 | Gauntlet | Found a transporter.
 17615 | Gauntlet | Found a transporter.
 17733 | Gauntlet | Found a runed translucent door.
 17825 | Gauntlet | Identified the +1 hat of the Invisible Knives {Rampage rF-
                  | Dex+3}
 17889 | Gauntlet | Identified the +7 arbalest "Nucots" {heavy, rPois rC- Str+3
                  | Dex+4}
 17889 | Gauntlet | Identified the ring of Sefy {rElec rCorr}
 18047 | Lair:5   | Noticed Josephine
 18085 | Lair:5   | Killed Josephine
 18110 | Lair:5   | Reached skill level 10 in Fighting
 18686 | Orc:2    | Noticed Erolcha
 18811 | Orc:2    | Killed Erolcha
 19042 | Lair:5   | Acquired the ring "Boukiq" {Will+ Dex+3}
 19165 | Lair:5   | Identified the +1 robe of Light {rPois Will+ Int-4 Slay+4}
 19198 | Lair:5   | Reached skill level 10 in Invocations
 19516 | Lair:5   | Reached skill level 12 in Stealth
 19869 | Lair:5   | Identified the +2 morningstar "Xeit" {antimagic, Fragile
                  | rElec Int+6 Dex+3}
 20206 | Snake:1  | Entered Level 1 of the Snake Pit
 20244 | Snake:1  | Reached XP level 15. HP: 136/136 MP: 22/22
 20443 | Snake:1  | Noticed a nagaraja
 20447 | Snake:1  | Noticed a nagaraja
 20559 | Snake:1  | Found a transporter.
 21074 | Snake:1  | Found a shimmering blue altar of Sif Muna.
 21203 | Snake:1  | HP: 2/136 [naga warrior/+0 dire flail (22)]
 21203 | Snake:1  | Shot with an arrow by a naga sharpshooter

Illustrated notes

Levels and vault maps discovered:
D:1:      mainiacjoe_arrival_reflecting_pool, layout_basic,
          grunt_decor_arrowhead, hangedman_decor_points
D:2:      layout_rooms, serial_shops, nicolae_shop_peninsula, uniq_jessica
D:3:      corexii_shack_village, layout_loops_corners,
          dreamdust_ecumenical_altar_statues, columned_hall_lemuel,
          nicolae_figureground_sparkle, uniq_ijyb, uniq_crazy_yiuf_cottage,
          uniq_sigmund
D:4:      layout_gridville, nemelex_xobeh_ov_fountains_minmay,
          nicolae_specific_store, kennysheep_small_square
D:5:      layout_basic, kennysheep_mini_moat, grunt_gozag_breadcrumbs,
          lightli_temple_of_fire, minmay_temple_entry_stoned_glass,
          minmay_liquid_box, bh_walls_and_bars
D:6:      layout_loops_ring, nicolae_uskayaw_suspiria,
          nicolae_inconvenience_store
D:7:      layout_basic
D:8:      layout_basic, mainiacjoe_overflow_paths, tgw_kikubaaqudgha,
          okawaru_trees_1, serial_ice, serial_ice_l, serial_ice_d, serial_ice_g,
          serial_ice_e, enter_bailey_5, uniq_prince_ribbit1, uniq_grum
D:9:      layout_basic, amcnicky_altar_gilded, nicolae_elyvilon_peaceful_grove,
          mainiacjoe_overflow_six_doors_small, tso_oasis_becter,
          dpeg_oklobed_lair, hex_intersection
D:10:     layout_basic, mainiacjoe_overflow_boulevard, marbit_many_paths,
          zombieorc2_lemuel, kennysheep_path_1
Lair:1:   layout_regular_city, enter_volcano_1
Lair:2:   cheibrodos_lair_overgrown_chateau, layout_cellular_growth,
          minmay_shoals_entry_lonely_mermaid, cheibrodos_lair_lostbears
Lair:3:   gammafunk_indiana_jones, layout_small_grid,
          minmay_snake_entry_guardpost_small, st_stairs_3,
          chequers_serial_rivers_large_a
Lair:4:   layout_cave_pods, minmay_slime_entry_oklob_enclosed,
          hibernation_bobbens
Lair:5:   evilmike_catoblepas_cave, layout_regular_city, gauntlet_entry_generic,
          infiniplex_staircase_pool, lemuel_fruit_tree, uniq_josephine
Snake:1:  gammafunk_sealed_library, layout_layer_cave, serial_bayou_shore_a
Orc:1:    layout_caves, lightli_orcish_oven
Orc:2:    kennysheep_orc_mage_school, layout_diamond_mine, uniq_rupert,
          uniq_erolcha

Skill      XL: |  1  2  3  4  5  6  7  8  9 10 11 12 13 14 15 |
---------------+----------------------------------------------+-----
Maces & Flails | 2 3 4 |  4.5
Armour         | 4 5 6 7 8 9 10 11 | 11.0
Fighting       | 3 4 5 6 7 8 9 10 | 10.9
Short Blades   | 1 3 4 6 8 9 |  9.1
Stealth        | 1 2 4 6 7 8 9 10 12 | 12.8
Invocations    | 1 2 3 5 6 7 8 9 10 | 10.8
Long Blades    | 1 3 4 6 |  6.9
Hexes          | 3 4 6 7 8 |  8.0
Ice Magic      | 3 4 6 |  6.0
Dodging        | 2 3 4 6 |  6.0
Shields        | |  3.2

Action                     |  1- 3 |  4- 6 |  7- 9 | 10-12 | 13-15 || total
---------------------------+-------+-------+-------+-------+-------++-------
  Melee: Flail             |   107 |   136 |       |       |       ||   243
         Tailslap          |     7 |    20 |    43 |   156 |   387 ||   613
         Punch             |       |     2 |     2 |    18 |    30 ||    52
         Quick blade       |       |    41 |   412 |   938 |  1707 ||  3098
         Unarmed           |       |    30 |       |       |       ||    30
         Long sword        |       |       |       |       |     3 ||     3
 Invoke: Grand Finale      |       |       |       |     1 |     1 ||     2
         Line Pass         |       |       |       |       |     3 ||     3
  Evoke: Lightning rod     |       |       |       |     3 |     4 ||     7
    Use: Potion            |       |     2 |       |     2 |     9 ||    13
         Scroll            |       |    11 |     2 |    12 |     2 ||    27
   Stab: Paralysed         |       |       |    25 |    66 |    76 ||   167
         Sleeping          |       |       |       |    24 |    18 ||    42
         Distracted        |       |       |       |     1 |       ||     1
         Invisible         |       |       |       |       |     3 ||     3
         Petrifying        |       |       |       |       |     2 ||     2
         Petrified         |       |       |       |       |     2 ||     2
 Armour: Scale mail        |    48 |       |       |       |       ||    48
         Chain mail        |    15 |   116 |   157 |     9 |       ||   297
         Ring mail         |       |       |       |   276 |   441 ||   717
  Dodge: Dodged            |    29 |    45 |    47 |   109 |   174 ||   404

Table legend: (Time is in decaauts)
 A = Elapsed time spent in this place.
 B = Non-inter-level travel time spent in this place.
 C = Inter-level travel time spent in this place.
 D = Time resting spent in this place.
 E = Time spent auto-exploring this place.
 F = Levels seen in this place.
 G = Mean time per level.
                   A        B        C        D        E       F      G
               +--------+--------+--------+--------+--------+-----+--------+
         Total |  19216 |  17914 |   1302 |   1370 |  12222 |  20 |  960.8 |
       Dungeon |  10433 |   9734 |    699 |    446 |   7225 |  10 | 1043.3 |
          Lair |   5881 |   5471 |    410 |    582 |   3638 |   5 | 1176.2 |
     Snake Pit |    759 |    759 |      0 |    105 |    399 |   1 |  759.0 |
  Orcish Mines |   1445 |   1252 |    193 |    196 |    678 |   2 |  722.5 |
       Volcano |    329 |    329 |      0 |     41 |    113 |   1 |  329.0 |
      Gauntlet |    367 |    367 |      0 |      0 |    169 |   1 |  367.0 |
               +--------+--------+--------+--------+--------+-----+--------+

Top non-repeatable levels by time:
  Lair:2: 1604 daAuts
     D:3: 1522 daAuts
  Lair:5: 1439 daAuts
     D:1: 1433 daAuts
     D:5: 1366 daAuts
  Lair:4: 1182 daAuts
     D:6: 1035 daAuts
     D:7: 1013 daAuts
    D:10: 1005 daAuts
   Orc:2: 997 daAuts
     D:9: 914 daAuts
     D:8: 904 daAuts
  Lair:3: 901 daAuts
 Snake:1: 759 daAuts
  Lair:1: 752 daAuts
